 Dungeon Crawl Stone Soup version 0.29.1-2-gbd0b4ee654 (webtiles) character file.

Game seed: 15456394180816392145

232 cdecastro the Sneak (level 6, -5/31 (35) HPs)
             Began as a Kobold Brigand on Nov 2, 2022.
             Was a Believer of Dithmenos.
             Slain by a necrophage (7 damage)
             ... on level 5 of the Dungeon.
             The game lasted 00:05:28 (4305 turns).

cdecastro the Sneak (Kobold Brigand)                Turns: 4305, Time: 00:05:29

HP:   -5/31 (35)    AC:  2    Str:  9    XL:     6   Next: 25%
MP:   6/6           EV: 14    Int: 14    God:    Dithmenos [**....]
Gold: 191           SH:  0    Dex: 16    Spells: 5/5 levels left

rFire   . . .      SeeInvis .   a - +2 dagger
rCold   . . .      Faith    .   (no shield)
rNeg    . . .      Spirit   .   b - +0 robe
rPois   .          Reflect  .   (no helmet)
rElec   .          Harm     .   f - scarf {shadows}
rCorr   .          Rampage  .   (no gloves)
Will    .....                   (no boots)
Stlth   ++++++....              (no amulet)
HPRegen 0.10/turn               (no ring)
MPRegen 0.10/turn               (no ring)

@: wreathed by umbra, heavily drained
A: small, no large weapons, nightstalker 3
a: Renounce Religion, Shadow Step


You were on level 5 of the Dungeon.
You worshipped Dithmenos.
Dithmenos was pleased with you.
You visited 2 branches of the dungeon, and saw 6 of its levels.

You collected 191 gold pieces.

Inventory:

Hand Weapons
 a - a +2 dagger (weapon)
Missiles
 d - 8 poisoned darts (quivered)
 e - 3 curare-tipped darts
 m - 46 stones
 v - 5 boomerangs
Armour
 b - a +0 robe (worn)
 c - a +0 cloak
 f - a scarf of shadows (worn)
 o - a scarf of repulsion
 D - a +0 pair of gloves
 F - a +0 leather armour
Magical Staves
 i - a staff of air
Jewellery
 p - an amulet of the acrobat
Wands
 z - a wand of charming (7)
Scrolls
 j - a scroll of teleportation {unknown}
 k - a scroll of blinking {unknown}
 l - a scroll of poison {unknown}
 n - a scroll of noise {unknown}
 q - a scroll of amnesia {unknown}
 r - a scroll of fear {unknown}
 u - a scroll of acquirement {unknown}
 y - a scroll of silence {unknown}
 B - 2 scrolls of identify {unknown}
 C - a scroll of magic mapping {unknown}
 E - a scroll of immolation {unknown}
Potions
 g - a potion of degeneration {unknown}
 h - 4 potions of heal wounds {unknown}
 s - a potion of flight {unknown}
 t - a potion of mutation {unknown}
 w - a potion of ambrosia {unknown}
 x - 3 potions of lignification {unknown}
 A - a potion of curing {unknown}


   Skills:
 - Level 2.1 Fighting
 * Level 4.1 Short Blades
 - Level 5.0 Throwing
 - Level 1.2 Dodging
 + Level 7.1 Stealth


You had 5 spell levels left.
You didn't know any spells.
Your spell library contained the following spells:

 Spells                   Type           Power      Damage    Failure   Level
 Shock                    Conj/Air       0%         1d3       28%         1
 Swiftness                Air            0%         N/A       65%         3
 Airstrike                Air            0%         2d(0-16)  96%         4


Dungeon Overview and Level Annotations

Branches:
Dungeon (5/15)             Temple (1/1) D:4

Altars:
Cheibriados
Dithmenos
Fedhas
Gozag
Hepliaklqana
Kikubaaqudgha
Makhleb
Nemelex Xobeh
Okawaru
Qazlal
Ru
Sif Muna
Trog
Uskayaw
Vehumet
Wu Jian
Xom
Yredelemnul
The Shining One


Innate Abilities, Weirdness & Mutations

You are small and have problems with some larger weapons.
You are completely attuned to the shadows.


Message History

The necrophage is heavily damaged.
The necrophage closely misses you.
You closely miss the necrophage.
The necrophage is heavily damaged.
The necrophage hits you.
You closely miss the necrophage.
The necrophage is heavily damaged.
The necrophage closely misses you.
You closely miss the necrophage.
The necrophage is heavily damaged.
You hit the necrophage but do no damage.
The necrophage is heavily damaged.
The necrophage hits you.
* * * LOW HITPOINT WARNING * * *
You hit the necrophage but do no damage.
The necrophage is heavily damaged.
The necrophage barely misses you.
You hit the necrophage.
The necrophage is severely damaged.
The necrophage hits you.
* * * LOW HITPOINT WARNING * * *
You feel drained.
* * * LOW HITPOINT WARNING * * *
You hit the necrophage.
The necrophage is severely damaged.
You closely miss the necrophage.
The necrophage is severely damaged.
The necrophage hits you!
* * * LOW HITPOINT WARNING * * *
You feel drained.
* * * LOW HITPOINT WARNING * * *
The necrophage attacks as you move away!
The necrophage misses you.
The necrophage attacks as you move away!
The necrophage closely misses you.
The necrophage attacks as you move away!
The necrophage misses you.
The necrophage attacks as you move away!
The necrophage hits you!
You die...

############
#...).......
#.##.#####.....
#.#..@n..#.######
#.######.#.##...#
#!# #....#.##.#)#
#.###....#.##.#<#
#........#.##.###
#####...##.)....#
#...##....#.#
######......#
#....##


You could see a necrophage.

Vanquished Creatures
  2 hounds
  3 iguanas (D:4)
  3 adders
  5 dart slugs
  3 orcs
  4 ball pythons
  7 endoplasms
  4 giant cockroaches
  6 goblins
  3 hobgoblins (D:1)
  2 jackals (D:2)
  2 quokkas
  5 bats
  3 frilled lizards
  A kobold (D:4)
  4 rats
57 creatures vanquished.

Notes
Turn   | Place    | Note
-------+----------+-------------------------------------------
     0 | D:1      | cdecastro the Kobold Brigand began the quest for the Orb.
     0 | D:1      | Reached XP level 1. HP: 12/12 MP: 1/1
   228 | D:1      | Reached XP level 2. HP: 17/17 MP: 2/2
   272 | D:1      | Found a faded altar of an unknown god.
   392 | D:1      | Prayed at the altar of an unknown god.
   392 | D:1      | Became a worshipper of Dithmenos the Shadowed
   392 | D:1      | Reached * piety under Dithmenos
  1285 | D:2      | Reached XP level 3. HP: 21/21 MP: 3/3
  2142 | D:3      | Reached XP level 4. HP: 26/26 MP: 4/4
  2876 | D:4      | Reached skill level 6 in Stealth
  3009 | D:4      | Reached ** piety under Dithmenos
  3015 | D:4      | Reached XP level 5. HP: 30/30 MP: 5/5
  3194 | D:4      | Found a staircase to the Ecumenical Temple.
  3200 | Temple   | Entered the Ecumenical Temple
  3204 | Temple   | Found a transporter.
  3204 | Temple   | Found a transporter.
  3206 | Temple   | Found a transporter.
  3206 | Temple   | Found a transporter.
  3561 | D:4      | Reached skill level 5 in Throwing
  3561 | D:4      | Reached XP level 6. HP: 15/35 MP: 6/6
  3891 | D:3      | Reached skill level 7 in Stealth
  4194 | D:5      | Entered Level 5 of the Dungeon
  4293 | D:5      | HP: 1/31 [necrophage (1)]
  4305 | D:5      | Slain by a necrophage

Illustrated notes

Levels and vault maps discovered:
D:1:      lightli_arrival_statuegarden, layout_basic,
          dreamdust_ecumenical_altar_hidden_monk_grotto, st_stairs_13
D:2:      layout_basic, kennysheep_generic_room_4
D:3:      layout_loops_corners
D:4:      minmay_diamond_boxcup, layout_rooms, minmay_temple_entry_mist
D:5:      layout_basic
Temple:   hellmonk_temple_divided_pantheon

Skill      XL: |  1  2  3  4  5  6 |
---------------+-------------------+-----
Short Blades   | 3 4 |  4.1
Throwing       | 3 4 5 |  5.0
Stealth        | 6 7 |  7.1
Fighting       | |  2.1
Dodging        | |  1.2

Action                   |  1- 3 |  4- 6 || total
-------------------------+-------+-------++-------
Melee: Dagger            |    73 |    72 ||   145
       Punch             |       |     1 ||     1
Throw: Dart              |     2 |    16 ||    18
 Stab: Sleeping          |    17 |    16 ||    33
       Distracted        |     1 |       ||     1
Armor: Robe              |     9 |     6 ||    15
Dodge: Dodged            |    45 |    61 ||   106
